AoeStats
← 1000ei

Scandinavia

510544138Analyzed
1v1 RM · 1d ago on Oct 1, 2026· 58m 34s· 2 players
Game mode
Random Map
Map size
Tiny (2 player)
Population
200
Speed
Normal
Resources
Standard
Victory
Conquest
Starting age
Dark Age
Ending age
Imperial Age
RankedLock teamsTeams togetherTeam positionsShared explorationLock speedFull tech treeHidden civsTurbo modeCheats
Victory
Defeat
🇦🇷 Lithuanians · Argentina
1240
+15
🇨🇦 Mongols · Canada
1218
-15
sh.pon
6:34 Loom
9:41 Feudal Age
12:23 Wheelbarrow
18:42 Horse Collar
18:53 Double-Bit Axe
19:29 Bloodlines
26:22 Town Watch
27:55 Fletching
30:08 Castle Age
29:51 Padded Archer Armor
36:11 Imperial Age
34:10 Fortified Wall
35:04 Masonry
35:40 Bodkin Arrow
35:47 Husbandry
36:30 Thumb Ring
37:15 Ballistics
41:22 Bracer
42:33 Chemistry
42:18 Hand Cart
47:42 Hoardings
50:27 Murder Holes
52:59 Conscription
54:00 Scale Barding Armor
54:18 Forging
57:51 Town Patrol
1000ei
9:20 Loom
11:05 Feudal Age
13:39 Double-Bit Axe
19:22 Castle Age
17:32 Gold Mining
19:12 Scale Barding Armor
19:21 Horse Collar
24:47 Town Watch
25:27 Heavy Plow
26:12 Bow Saw
26:34 Forging
28:09 Stone Mining
30:07 Wheelbarrow
32:37 Imperial Age
31:45 Bloodlines
32:24 Hand Cart
32:09 Town Patrol
33:31 Stone Shaft Mining
33:00 Town Patrol
34:03 Iron Casting
35:42 Chemistry
34:54 Masonry
34:40 Fletching
36:16 Chain Barding Armor
37:31 Two-Man Saw
37:19 Conscription
36:57 Bodkin Arrow
37:00 Cavalier
37:41 Husbandry
40:11 Plate Barding Armor
39:36 Bracer
40:17 Elite Skirmisher
46:26 Padded Archer Armor
48:24 Paladin
51:15 Architecture
50:57 Careening
51:07 Ballistics
54:08 Tower Shields
Connection lost

Rejoining the realm…

Still unreachable

The connection could not be restored.

Session expired

The server has moved on; the page needs a fresh start.